Map: Goldenaura LE

Players

GhOosT - Winner!

  • Race: Zerg Zerg
  • League: Diamond
  • Spawn Location: 12:00

SneakyTurtle

  • Race: Zerg Zerg
  • League: Diamond
  • Spawn Location: 5:00

VOD

Have the link to the VOD?

Description

Time

  • Played on: June 2, 2024, 1:56 p.m.
  • Length: 3:42
Show
View Real Time Build Order
Export as new Build Order

GhOosT Zerg - Winner!

Build Orders: Hatch First 

Get SALT Encoding   

  12  0:00  Drone  
  13  0:08  Drone  
  14  0:14  Extractor  
  14  0:16  Drone  
  15  0:39  Hatchery  
  14  0:48  Extractor  
  13  0:50  Drone  
  14  1:02  Spawning Pool  
  13  1:05  Drone  
  14  1:13  Overlord  
  14  1:38  Drone  
  16  1:40  Drone x2  
  17  1:49  Metabolic Boost  
  17  1:54  Queen  
  19  2:01  Zergling x2  
  19  2:02  Zergling x2  
  19  2:04  Zergling x2  
  22  2:13  Overlord  
  22  2:15  Zergling x2  
  22  2:16  Zergling x2  
  24  2:26  Overlord  
  24  2:28  Zergling x2  
  25  2:43  Zergling x6  
  28  2:45  Zergling x2  
  29  2:57  Zergling x4  
  31  3:12  Zergling x8  
Show
View Real Time Build Order
Export as new Build Order

SneakyTurtle Zerg 

Build Orders: Hatch First 

Get SALT Encoding   

  12  0:00  Drone  
  13  0:12  Overlord  
  13  0:17  Drone  
  14  0:31  Drone x2  
  16  0:49  Hatchery  
  15  0:51  Drone  
  15  0:55  Drone  
  17  1:03  Drone  
  18  1:08  Extractor  
  17  1:15  Spawning Pool  
  16  1:23  Drone x2  
  18  1:33  Drone  
  18  1:39  Drone  
  20  1:52  Drone  
  21  2:01  Drone  
  22  2:02  Queen  
  22  2:04  Zergling x2  
  25  2:14  Drone  
  26  2:17  Drone  
  26  2:18  Hatchery  
  26  2:20  Metabolic Boost  
  26  2:29  Drone  
  27  2:30  Zergling x2  
  27  2:36  Overlord  
  28  2:38  Overlord  
  28  2:54  Queen  
  28  2:56  Drone x4  
  34  2:59  Queen  
  36  3:18  Drone x4  
  36  3:19  Overlord  
  40  3:20  Drone  
Tags
 
Add a new tag
Caveats
  • Supply blocks, unpowered buildings, or Contaminate may cause inaccurate times.
  • Supply counts are checked every 10 seconds.